Map: Prion Terraces

Players

MorN

  • Race: Terran Terran
  • League: Diamond

llllllll - Winner!

  • Race: Terran Terran
  • League: Platinum

VOD

Have the link to the VOD?

Description

Time

  • Played on: Nov. 15, 2015, 5:52 p.m.
  • Length: 11:07
Show
View Real Time Build Order
Export as new Build Order

MorN Terran 

Build Orders: MMM Bio, Banshee Rush 

Get SALT Encoding   

  12  0:00  SCV  
  13  0:13  SCV  
  14  0:18  Supply Depot  
  14  0:26  SCV  
  15  0:32  Refinery  
  15  0:41  Barracks  
  15  0:44  SCV  
  16  0:57  SCV  
  17  1:09  SCV  
  18  1:11  Refinery  
  18  1:23  SCV  
  19  1:29  Reaper  
  20  1:37  Orbital Command  
  20  1:46  Factory  
  20  1:49  Supply Depot  
  20  2:01  Reaper  
  20  2:03  SCV  
  22  2:18  SCV  
  23  2:34  Hellion  
  23  2:35  Reaper, Starport  
  26  2:50  SCV  
  27  2:56  Hellion  
  28  3:07  SCV  
  28  3:09  Barracks Tech Lab  
  28  3:14  Medivac  
  30  3:26  Command Center, SCV  
  31  3:32  Hellion  
  31  3:46  Barracks Tech Lab  
  31  3:54  Supply Depot  
  31  3:58  Cloaking Field  
  31  4:09  Stimpack  
  31  4:15  Banshee, SCV  
  31  4:16  Hellion  
  37  4:17  Marine  
  37  4:18  Supply Depot  
  38  4:27  SCV  
  39  4:36  Engineering Bay  
  39  4:37  Factory Reactor  
  39  4:38  Marine  
  39  4:40  Orbital Command  
  39  4:41  Supply Depot  
  39  4:45  SCV  
  41  4:57  Command Center, SCV  
  41  4:59  Raven  
  42  5:03  Terran Infantry Weapons Level 1  
  44  5:08  SCV  
  44  5:09  SCV  
  46  5:20  SCV  
  45  5:30  SCV  
  45  5:32  SCV  
  42  5:42  SCV  
  42  5:45  SCV  
  38  5:59  Banshee  
  38  6:00  Factory Reactor  
  41  6:06  SCV  
  41  6:11  Orbital Command  
  42  6:12  Barracks x2  
  40  6:19  SCV  
  40  6:23  Supply Depot  
  40  6:25  Supply Depot  
  41  6:31  SCV x2  
  40  6:38  SCV  
  40  6:43  SCV  
  40  6:44  SCV  
  41  6:50  SCV  
  37  6:54  Marine  
  37  6:56  SCV, Combat Shields  
  37  6:59  SCV  
  40  7:04  Factory Reactor  
  40  7:05  Barracks  
  40  7:06  Starport Reactor  
  40  7:10  Barracks  
  40  7:14  Marine x4  
  44  7:16  SCV x2  
  44  7:22  Marine  
  47  7:26  SCV  
  47  7:28  SCV  
  49  7:32  Marine  
  49  7:34  Terran Infantry Armor Level 1  
  50  7:37  Engineering Bay, Marine x3  
  50  7:38  Armory  
  50  7:40  Marine  
  50  7:41  Refinery  
  50  7:42  Refinery  
  58  7:45  SCV, Hellion x2  
  58  7:47  Medivac x2  
  58  7:50  Supply Depot  
  63  7:53  Supply Depot  
  63  7:57  SCV x2, Marine x3  
  63  7:58  Marine x2  
  69  7:59  Marauder x2  
  69  8:04  SCV  
  75  8:08  Hellion  
  75  8:09  SCV x2  
  79  8:15  Marine x2  
  79  8:18  SCV  
  79  8:19  Medivac  
  84  8:21  Marauder x2  
  85  8:30  Barracks Reactor, Marine x2  
  85  8:33  Hellion x2, Marine  
  92  8:35  SCV x2  
  92  8:40  Supply Depot  
  95  8:45  Marauder x2, Orbital Command, Concussive Shells, Marine  
  99  8:52  Medivac  
  99  8:53  Medivac  
  103  8:57  Hellion x2  
  103  9:01  SCV x2  
  107  9:11  Supply Depot  
  90  9:19  Hellion  
  87  9:24  Hellion, Marine x5  
  87  9:25  Marine x2  
  87  9:26  Marauder  
  88  9:34  Medivac  
  90  9:39  SCV  
  90  9:40  SCV, Hellion  
  90  9:41  Refinery  
  90  9:42  Marine x4  
  90  9:43  Refinery, Marauder  
  100  9:49  Factory  
  100  9:50  Marine x3  
  103  9:58  SCV x2  
  105  10:00  Marine x2  
  105  10:05  Hellion x2  
  111  10:08  Supply Depot  
  111  10:12  SCV x2  
  113  10:20  Marine x2  
  113  10:21  Marauder  
  116  10:31  Marine x5  
  116  10:32  SCV  
  122  10:38  Marine x2  
  122  10:42  Marauder  
Show
View Real Time Build Order
Export as new Build Order

llllllll Terran - Winner!

Build Orders:  

Get SALT Encoding   

  12  0:01  SCV  
  13  0:13  Refinery  
  13  0:16  SCV  
  14  0:25  Supply Depot  
  14  0:31  SCV  
  15  0:47  SCV  
  15  0:49  Barracks  
  16  0:59  SCV  
  17  1:11  SCV  
  18  1:23  SCV  
  19  1:35  Supply Depot  
  19  1:36  Orbital Command  
  19  1:37  Factory  
  19  1:38  Reaper  
  20  1:50  Refinery  
  20  2:01  SCV  
  21  2:11  Reaper  
  21  2:13  SCV  
  23  2:22  Hellion  
  25  2:26  SCV  
  25  2:28  Supply Depot  
  25  2:38  SCV  
  26  2:54  SCV  
  26  3:09  SCV  
  26  3:12  Hellion  
  29  3:14  Barracks Tech Lab  
  29  3:18  Starport  
  29  3:21  SCV  
  29  3:24  Command Center  
  30  3:33  SCV  
  31  3:45  SCV, Siege Tank  
  31  3:46  Supply Depot, Engineering Bay  
  35  3:49  Barracks Reactor  
  35  3:57  SCV, Medivac  
  38  4:09  SCV  
  39  4:16  Missile Turret  
  39  4:21  SCV  
  40  4:25  Marine x2  
  40  4:27  Viking  
  44  4:33  SCV  
  45  4:38  Missile Turret  
  45  4:40  Orbital Command  
  45  4:43  Marine  
  46  4:45  SCV  
  46  4:46  Marine  
  48  4:58  SCV  
  49  5:02  Viking  
  49  5:06  Barracks  
  51  5:10  SCV  
  52  5:22  SCV  
  52  5:29  SCV  
  52  5:34  SCV  
  50  5:41  SCV  
  48  6:01  SCV  
  48  6:03  Barracks Tech Lab  
  49  6:05  Command Center  
  49  6:07  Terran Infantry Weapons Level 1  
  49  6:09  Barracks x2  
  49  6:11  Barracks  
  49  6:15  Barracks  
  49  6:25  Marine x2  
  51  6:27  Siege Tank  
  54  6:37  SCV x2  
  56  6:49  SCV  
  56  6:50  SCV  
  55  7:01  SCV  
  55  7:02  SCV, Starport Reactor  
  55  7:03  Refinery x2  
  55  7:08  Barracks Reactor x2, Barracks Tech Lab, Supply Depot x3  
  57  7:13  Supply Depot, SCV  
  57  7:14  SCV  
  59  7:16  Stimpack  
  59  7:17  Orbital Command, Marine x3  
  59  7:21  Barracks Reactor  
  62  7:25  Command Center  
  62  7:28  Combat Shields, Marauder  
  64  7:34  Marine  
  64  7:35  Marauder, Marine  
  68  7:39  SCV x2  
  68  7:41  Medivac x2  
  74  7:46  Siege Tank  
  74  7:51  SCV x2  
  79  7:52  Marine  
  79  7:57  Marauder  
  82  8:00  Marine x2  
  82  8:01  Marauder, Missile Turret, Marine  
  82  8:03  SCV  
  88  8:06  SCV  
  89  8:13  Medivac x2  
  89  8:15  SCV, Marine x3  
  89  8:18  Marauder  
  89  8:19  Orbital Command  
  99  8:22  Marauder  
  99  8:23  Marine x3  
  104  8:31  SCV  
  104  8:32  SCV  
  106  8:39  Marauder, Orbital Command  
  108  8:42  Marine x4  
  108  8:43  SCV  
  108  8:44  Marauder  
  108  8:47  Marine x3  
  118  8:48  SCV  
  118  8:54  Refinery  
  119  8:56  Refinery  
  119  8:59  Marine  
  119  9:00  Marine x2  
  119  9:01  Marauder  
  124  9:10  Supply Depot, Marine x2  
  124  9:11  Supply Depot, Medivac  
  124  9:12  Medivac  
  124  9:14  Supply Depot  
  96  9:26  Marine x8  
  96  9:28  Marine x2  
  105  9:37  Barracks  
  105  9:39  Siege Tank, Barracks  
  105  9:41  Barracks  
  105  9:43  Marine  
  105  9:44  Marine x5  
  114  9:47  Armory  
  114  9:50  Marine  
  114  9:51  Engineering Bay  
  114  9:52  Supply Depot  
  115  9:54  Marine  
  116  10:07  Marine x4  
  116  10:08  Medivac x2  
  124  10:25  Barracks Tech Lab, Siege Tank  
  124  10:27  Orbital Command  
  124  10:31  Marine x3  
  124  10:32  Marine  
  127  10:36  Marine x3  
  127  10:37  Marine x4  
  127  10:41  Marine  
  137  10:49  Marine  
Tags
 
Composition
MMM Bio
Matchup
TvT
Race
Terran
Replay Pack
MorN pack 1
Strategy
Banshee Rush
Add a new tag
Caveats
  • Supply blocks, unpowered buildings, or Contaminate may cause inaccurate times.
  • Supply counts are checked every 10 seconds.